 Dungeon Crawl Stone Soup version 0.32-a0-876-gcfddb08e57 (webtiles) character file.

Game seed: 1576474085324555023

55996 Shayle the Fighter (level 14, -3/114 HPs)
             Began as a Coglin Alchemist on Apr 1, 2024.
             Was a High Priest of Vehumet.
             Slain by an ironbound frostheart (31 damage)
             ... in an ice cave on Apr 2, 2024.
             The game lasted 01:54:15 (22625 turns).

Shayle the Fighter (Coglin Alchemist)              Turns: 22625, Time: 01:54:16

Health: -3/114     AC: 10    Str:  9    XL:     14   Next: 79%
Magic:  28/29      EV: 10    Int: 26    God:    Vehumet [*****.]
Gold:   1567       SH:  0    Dex: 14    Spells: 13/35 levels left

rFire   . . .        R - +4 quick blade (drain) {Vicente}
rCold   . . .        i - +4 short sword (elec) {Zhen}
rNeg    . . .        T - +3 leather armour of a bazaar {Int+3}
rPois   +            S - +0 helmet {Int+3}
rElec   .            v - +0 cloak
rCorr   +            n - +0 pair of gloves
SInv    .            u - +0 pair of boots
Will    +....        (amulet unavailable)
Stlth   ++           (ring unavailable)
HPRegen 1.19/turn    (ring unavailable)
MPRegen 0.61/turn    U
                       - NW-00 megasamoflange {rPois Regen+ RegenMP+ rCorr Slay+3}

%: no passive effects
@: revving
A: off-hand wielding, slow wielding, warmup strikes, no jewellery
a: Renounce Religion


You were in an ice cave.
You worshipped Vehumet.
Vehumet was extremely pleased with you.
You visited 3 branches of the dungeon, and saw 18 of its levels.
You also visited: Ossuary, Bailey and Ice Cave.

You collected 1567 gold pieces.

Inventory:

Hand Weapons
 i - a +4 short sword of electrocution (offhand) {Zhen}
 I - a +0 broad axe
 J - a +3 war axe of holy wrath
 R - a +4 quick blade of draining (weapon) {Vicente}
 X - a +0 hand cannon of freezing
Missiles
 h - a throwing net
 D - 6 atropa-tipped darts
 L - 3 curare-tipped darts
Armour
 a - a +1 robe
 n - a +0 pair of gloves (worn)
 u - a +0 pair of boots (worn)
 v - a +0 cloak (worn)
 S - a +0 helmet of intelligence (worn)
 T - the +3 leather armour of a bazaar (worn) {Int+3}
   (You found it on level 4 of the Lair of Beasts)

   Int+3:     It affects your intelligence (+3).
Magical Staves
 K - the staff "Janki" {^Drain rN+ Str+5 SInv Necro Fire}
   (You found it in a bailey)

   [staff of death]

   Base accuracy: +5 Base damage: 5 Base attack delay: 1.2 This weapon's minimum
   attack delay (0.6) is reached at skill level 12.
   Str+5:     It affects your strength (+5).
   rN+:       It protects you from negative energy.
   SInv:      It lets you see invisible.
   ^Drain:    It drains your maximum health when unequipped.
   Necro:     It increases the power of your Necromancy spells.
   Fire:      It increases the power of your Fire spells.
   It falls into the 'Staves' category.
   It is a one-graspered weapon.
Gizmo
 U - a NW-00 megasamoflange (installed) {rPois Regen+ RegenMP+ rCorr Slay+3}
   (You invented it yourself on level 4 of the Lair of Beasts)

   [NW-00 megasamoflange]

   Slay+3:    It affects your accuracy & damage with ranged weapons and melee
   (+3).
   rPois:     It protects you from poison.
   Regen+:    It increases your rate of health regeneration.
   rCorr:     It protects you from acid and corrosion.
   RegenMP+:  It increases your rate of magic regeneration.
Wands
 e - a wand of quicksilver (1)
 m - a wand of charming (12)
 w - a wand of flame (11)
 y - a wand of mindburst (28)
 M - a wand of warping (9)
 V - a wand of polymorph (3)
Scrolls
 f - 5 scrolls of blinking
 k - 2 scrolls of vulnerability
 o - a scroll of fear
 p - 2 scrolls of poison
 q - 3 scrolls of immolation
 x - a scroll of revelation
 B - a scroll of fog
 E - 3 scrolls of silence
 G - 2 scrolls of noise
 N - 3 scrolls of teleportation
 O - a scroll of amnesia
 W - a scroll of identify
Potions
 b - 2 potions of magic
 c - 3 potions of might
 d - 5 potions of attraction
 j - 4 potions of mutation
 l - 2 potions of degeneration
 r - a potion of berserk rage {unknown}
 s - a potion of ambrosia {unknown}
 t - 5 potions of invisibility
 z - 3 potions of curing
 A - 5 potions of haste
 C - 4 potions of brilliance
 H - 5 potions of enlightenment
 P - a potion of resistance {unknown}
 Q - a potion of lignification {unknown}
Miscellaneous
 F - a condenser vane


   Skills:
 + Level 11.8 Fighting
 - Level 1.7 Dodging
 - Level 1.5 Stealth
 + Level 11.2 Spellcasting
 - Level 5.0 Conjurations
 - Level 4.3 Fire Magic
 + Level 10.9 Ice Magic
 + Level 10.9 Air Magic
 - Level 6.9 Alchemy


You had 13 spell levels left.
You knew the following spells:

 Your Spells              Type           Power      Damage    Failure   Level
a - Sting                 Conj/Alch      100%       1d9       1%          1
b - Mephitic Cloud        Conj/Alch/Air  53%        N/A       1%          3
c - Sticky Flame          Fire/Alch      43%        2d8       1%          4
d - Freezing Cloud        Conj/Ice/Air   28%        6-21      1%          5
e - Airstrike             Air            31%        2d(5-21)  1%          4
f - Fireball              Conj/Fire      19%        3d9       7%          5

Your spell library contained the following spells:

 Spells                   Type           Power      Damage    Failure   Level
 Conjure Ball Lightning   Conj/Air       27%        3x3d8     9%          6
 Shock                    Conj/Air       100%       1d9       1%          1
 Cigotuvi's Dreadful Rot  Necr/Alch/Air  90%        N/A       1%          2
 Mercury Vapours          Alch/Air       100%       N/A       1%          2
 Inner Flame              Hex/Fire       25%        N/A       1%          3
 Swiftness                Air            63%        N/A       1%          3
 Volatile Blastmotes      Fire/Tloc      50%        2d14      1%          3
 Fulminant Prism          Conj/Alch      22%        3d12      1%          4
 Olgreb's Toxic Radiance  Alch           50%        N/A       1%          4
 Arcjolt                  Conj/Air       27%        1d37      1%          5
 Iskenderun's Mystic Bla Conj/Tloc 27%            2d7        (+2d3     5%          4
 Apportation              Tloc           28%        N/A       6%          1
 Jinxbite                 Hex            28%        N/A       9%          2
 Lesser Beckoning         Tloc           28%        N/A       9%          2
 Alistair's Intoxication  Alch           33%        N/A       9%          5
 Teleport Other           Tloc           14%        N/A       17%         3
 Tukima's Dance           Hex            14%        N/A       17%         3
 Dimensional Bullseye     Hex/Tloc       7%         N/A       50%         4
 Dispel Undead            Necr           14%        3d10      50%         4
 Martyr's Knell           Necr/Summ      14%        N/A       50%         4
 Maxwell's Portable Pile  Tloc           14%        2d(7-14)  50%         4
 Maxwell's Capacitive Co  Air            31%        ∞         69%         8


Dungeon Overview and Level Annotations

Branches:
Dungeon (12/15)            Temple (1/1) D:7            Lair (5/5) D:10
  Swamp (0/4) Lair:3        Snake (0/4) Lair:2          Orc (0/2) D:11
Ossuary (visited)          Bailey (visited)           IceCv (1/1)
  Slime: Lair:4-5

Altars:
Ashenzari
Cheibriados
Dithmenos
Elyvilon
Fedhas
Gozag
Hepliaklqana
Kikubaaqudgha
Makhleb
Nemelex Xobeh
Okawaru
Qazlal
Ru
Sif Muna
Trog
Uskayaw
Vehumet
Wu Jian
Xom
Yredelemnul
Zin
The Shining One

Shops:
D:2 [   D:6 =   D:8 :   D:11 [

Annotations:
D:3 2 transporters, TwadoKnight's ghost, amateur MiFi
D:9 2 transporters, tweeg707's ghost, novice CoAr
Lair:1 2 transporters, Fodor's ghost, journeyman MiFi


Innate Abilities, Weirdness & Mutations

You can wield a second weapon in your off-hand.
It takes a long time for you to wield or remove held weapons.
Your first few attacks do less damage.
You cannot equip rings or amulets.


Message History

Casting: Sticky Flame (mildly dangerous; 1% risk of failure)
Confirm with . or Enter, or press ? or * to list all spells.
Aiming: Mephitic Cloud (safe; 1% risk of failure)
Press: ? - help, Shift-Dir - straight line The ball explodes into a vile cloud!
The stinking cloud engulfs the wolf.
Your attack snaps the wolf out of its fear.
The stinking cloud engulfs the ironbound frostheart.
Your attack snaps the ironbound frostheart out of its fear.
The wolf is engulfed in noxious fumes.
The wolf appears confused.
The wolf bites you!
* * * LOW HITPOINT WARNING * * *
The wolf bites itself.
Unknown command.
You feel much better.
The ironbound frostheart is engulfed in noxious fumes.
The ironbound frostheart appears confused.
The ironbound frostheart is engulfed in noxious fumes.
Okay, then.
You barely miss the ironbound frostheart with your +4 quick blade of draining.
You hit the ironbound frostheart with your +4 quick blade of draining.
The ironbound frostheart is lightly wounded.
You hit the ironbound frostheart with your +4 short sword of electrocution.
The ironbound frostheart touches something!!
The ironbound frostheart freezes something!!
The wolf bites the ironbound frostheart.
The polar bear is engulfed in noxious fumes.
The polar bear appears confused.
The polar bear bites something!
The polar bear claws something but does no damage.
The polar bear claws something.
The ironbound frostheart is engulfed in noxious fumes.
The ironbound frostheart appears confused.
The ironbound frostheart barely misses the wolf.
The ironbound frostheart touches the polar bear.
The ironbound frostheart freezes the polar bear!
The polar bear resists.
The ironbound frostheart is engulfed in noxious fumes.
The ironbound frostheart touches you!
* * * LOW HITPOINT WARNING * * *
The ironbound frostheart freezes you!!
You die...

##.##...# ##..#. ..
#......# #.... #.
##..#.######..⌠ #.
#####.##.###.. . ##
##☼##.#..##..
.#p#.#h☼#§###§§..#
##§h.hp.#○###§§§##.
#hp#.p..#§###§#.###
#[@#.hh###☼§§§### #
#=)##.# ##☼§##
#![=## #### #####


You could see 2 ironbound frosthearts, a polar bear (confused) and a wolf
(confused).

Vanquished Creatures
  An eleionoma (Lair:3)
  8 hydras
  3 catoblepae
  A boulder beetle (D:12)
  3 two-headed ogres
  8 death yaks
  Nergalle (D:11)
  Sonja (Lair:1)
  A skyshark (Lair:4)
  Pikel (D:4)
  An orc knight (D:11)
  2 wolf spiders (Lair:2)
  2 ugly things
  2 cyclopes (D:12)
  A manticore (D:12)
  7 elephants
  A salamander (Lair:2)
  2 black mambas (Lair:3)
  An ice statue (IceCv)
  3 gargoyles
  9 cane toads
  6 rime drakes
  7 komodo dragons
  3 polar bears (IceCv)
  Grinder (D:3)
  13 blink frogs
  2 slime creatures (D:12)
  A shadow (D:12)
  75 yaks
  A vampire (D:10)
  5 wyverns
  A wraith (D:7)
  2 basilisks
  7 vampire mosquitoes (D:12)
  16 water moccasins
  3 acid dragons
  3 sky beasts
  A hornet zombie (D:7)
  8 orc warriors
  3 ice beasts
  4 black bears
  22 wolves
  3 centaurs
  A phantom (D:5)
  3 lemures
  2 kobold brigands
  8 bullfrogs
  A weeping skull (D:7)
  3 gnoll sergeants
  2 scorpions
  A wyvern zombie (D:7)
  2 water moccasin zombies (D:7)
  A wight (D:7)
  15 killer bees
  3 electric eels (D:8)
  3 centaur zombies (D:7)
  4 lava snakes (Lair:2)
  3 hounds
  A bombardier beetle (D:7)
  A gnoll bouda (D:4)
  4 orc priests
  A human zombie (D:7)
  4 iguanas
  A sleepcap (D:6)
  11 orc wizards
  Ijyb (D:5)
  2 killer bee zombies (D:7)
  4 mummies (Ossuary)
  20 gnolls
  9 adders
  3 white imps
  2 adder zombies (Ossuary)
  A ribbon worm (D:2)
  A dart slug (D:4)
  32 orcs
  7 endoplasms
  2 giant cockroaches (D:4)
  A gnoll zombie (Ossuary)
  7 goblins
  10 hobgoblins
  A jackal (D:2)
  30 kobolds
  A quokka (D:5)
  3 ball pythons
  7 bats
  5 frilled lizards
  2 goblin zombies (Ossuary)
  A hobgoblin zombie (Ossuary)
  2 kobold zombies (Ossuary)
  3 orc zombies (Ossuary)
  7 rats
  A rat zombie (Ossuary)
486 creatures vanquished.

Vanquished Creatures (collateral kills)
  A yak (D:11)
  An orc (D:11)
2 creatures vanquished.

Vanquished Creatures (others)
  A killer bee (D:11)
  An electric eel (D:8)
2 creatures vanquished.

Grand Total: 490 creatures vanquished

Notes
Turn   | Place    | Note
-------+----------+-------------------------------------------
     0 | D:1      | Shayle the Coglin Alchemist began the quest for the Orb.
     0 | D:1      | Reached XP level 1. HP: 13/13 MP: 3/3
    99 | D:1      | Reached skill level 1 in Conjurations
   349 | D:1      | Reached XP level 2. HP: 19/19 MP: 3/5
   657 | D:1      | Reached XP level 3. HP: 24/24 MP: 3/6
   688 | D:1      | Learned a level 3 spell: Mephitic Cloud
   876 | D:1      | Found a faded altar of an unknown god.
  1229 | D:2      | Found Luxoy's Antique Armour Shop.
  1388 | D:2      | Found a sacrificial altar of Ru.
  1872 | D:3      | Reached XP level 4. HP: 30/30 MP: 7/7
  1876 | D:3      | Noticed a gnoll sergeant
  2090 | D:3      | Found a transporter.
  2103 | D:3      | Noticed TwadoKnight's ghost (amateur MiFi)
  2210 | D:3      | Found an ancient bone altar of Kikubaaqudgha.
  2232 | D:3      | Noticed Grinder
  2239 | D:3      | Learned a level 4 spell: Sticky Flame
  2247 | D:3      | Paralysed by Grinder for 5 turns
  2254 | D:3      | Killed Grinder
  2255 | D:3      | Reached skill level 1 in Fire Magic
  2255 | D:3      | Reached XP level 5. HP: 26/35 MP: 7/9
  2255 | D:3      | Reached XP level 6. HP: 31/41 MP: 7/10
  2344 | D:3      | Found a snail-covered altar of Cheibriados.
  2425 | D:3      | Found a transporter.
  2574 | D:4      | Found a sand-covered staircase.
  2600 | Ossuary  | Entered an ossuary
  2622 | Ossuary  | Reached skill level 5 in Alchemy
  3229 | D:4      | Reached XP level 7. HP: 25/46 MP: 6/12
  3561 | D:4      | Noticed Pikel
  3601 | D:4      | Killed Pikel
  3602 | D:4      | Reached XP level 8. HP: 34/52 MP: 4/14
  3951 | D:5      | Entered Level 5 of the Dungeon
  4089 | D:5      | Found a hide-covered altar of Uskayaw.
  4364 | D:5      | Noticed Ijyb
  4399 | D:5      | Killed Ijyb
  4686 | D:5      | Found a blossoming altar of Fedhas.
  4775 | D:5      | Reached skill level 5 in Conjurations
  4783 | D:5      | Found an ornate altar of the Wu Jian Council.
  5124 | D:6      | Reached skill level 5 in Spellcasting
  5342 | D:6      | Reached XP level 9. HP: 58/58 MP: 16/16
  5365 | D:6      | Reached skill level 1 in Fighting
  5413 | D:6      | Reached skill level 1 in Ice Magic
  5413 | D:6      | Reached skill level 1 in Air Magic
  5574 | D:6      | Found Iffiska's Jewellery Emporium.
  6114 | D:6      | Found a shimmering blue altar of Sif Muna.
  6808 | D:7      | Found a basalt altar of Yredelemnul.
  6893 | D:7      | Found a flagged portal.
  6902 | Bailey   | Entered a bailey
  7040 | Bailey   | Identified the +0 chain mail of the Ladybird {Harm Rampage
                  | Str+6 Dex-3}
  7544 | Bailey   | Identified the staff "Janki" {^Drain rN+ Str+5 SInv Necro
                  | Fire}
  7865 | D:7      | Reached XP level 10. HP: 70/71 MP: 15/19
  7922 | D:7      | Found a staircase to the Ecumenical Temple.
  7930 | Temple   | Entered the Ecumenical Temple
  8841 | D:7      | Got Luuqaav's Textbook on Wispy Immolation
  9616 | D:8      | Reached skill level 5 in Fighting
  9986 | D:8      | Found a bloodstained altar of Trog.
 10375 | D:8      | Found Boshan's Book Boutique.
 10730 | D:9      | Found a radiant altar of Vehumet.
 10739 | D:9      | Found a sacrificial altar of Ru.
 10756 | D:9      | Became a worshipper of Vehumet
 10859 | D:9      | Reached skill level 5 in Ice Magic
 10868 | D:9      | Reached skill level 5 in Air Magic
 11135 | D:9      | Noticed a gargoyle
 11363 | D:9      | Found a transporter.
 11366 | D:9      | Noticed tweeg707's ghost (novice CoAr)
 11463 | D:9      | Killed a gargoyle
 11622 | D:9      | Found a transporter.
 11741 | D:9      | Reached XP level 11. HP: 70/81 MP: 10/21
 12126 | D:10     | Entered Level 10 of the Dungeon
 12236 | D:10     | Reached * piety under Vehumet
 12236 | D:10     | Offered knowledge of Magic Dart by Vehumet.
 12254 | D:10     | Found an opulent altar of Gozag.
 12334 | D:10     | Found a broken altar of Ashenzari.
 12593 | D:9      | Learned a level 5 spell: Freezing Cloud
 13327 | D:10     | Found a staircase to the Lair.
 13693 | Lair:1   | Entered Level 1 of the Lair of Beasts
 13695 | Lair:1   | Noticed a death yak
 13696 | Lair:1   | Noticed a death yak
 13697 | Lair:1   | Noticed a death yak
 13699 | Lair:1   | Noticed a death yak
 13878 | D:11     | Noticed an orc knight
 13893 | D:11     | Noticed a two-headed ogre
 13895 | D:11     | Reached ** piety under Vehumet
 13898 | D:11     | Offered knowledge of Freeze by Vehumet.
 13898 | D:11     | Killed a two-headed ogre
 13899 | D:11     | Noticed Nergalle
 14151 | D:10     | Reached XP level 12. HP: 32/92 MP: 15/24
 14448 | D:11     | Killed Nergalle
 14598 | D:11     | Found Boesch's Armour Shop.
 14598 | D:11     | Found a staircase to the Orcish Mines.
 14806 | D:11     | Found a hazy altar of Hepliaklqana.
 14835 | D:11     | Identified a scroll of acquirement
 14835 | D:11     | Acquired a +2 quick blade of draining
 15355 | D:12     | Noticed a two-headed ogre
 15375 | D:12     | Noticed a two-headed ogre
 15381 | D:12     | Killed a two-headed ogre
 15388 | D:12     | Killed a two-headed ogre
 15783 | D:12     | Noticed a boulder beetle
 15804 | D:12     | Killed a boulder beetle
 16152 | D:12     | Offered knowledge of Searing Ray by Vehumet.
 16591 | Lair:1   | Found a transporter.
 16592 | Lair:1   | Noticed Fodor's ghost (journeyman MiFi)
 16599 | Lair:1   | Noticed a catoblepas
 16606 | Lair:1   | Found a transporter.
 16667 | Lair:1   | Reached *** piety under Vehumet
 16675 | Lair:1   | Killed a death yak
 16675 | Lair:1   | Killed a death yak
 16677 | Lair:1   | Killed a death yak
 16678 | Lair:1   | Reached XP level 13. HP: 72/101 MP: 9/26
 16935 | Lair:1   | Noticed Sonja
 16938 | Lair:1   | Killed Sonja
 17994 | Lair:2   | Offered knowledge of Frozen Ramparts by Vehumet.
 18338 | Lair:2   | Reached skill level 10 in Fighting
 18849 | Lair:2   | Found a staircase to the Snake Pit.
 19270 | Lair:3   | Reached skill level 10 in Spellcasting
 19975 | Lair:3   | Found a staircase to the Swamp.
 19975 | Lair:3   | Noticed an eleionoma
 19986 | Lair:3   | Killed an eleionoma
 20862 | Lair:4   | Reached **** piety under Vehumet
 20998 | Lair:4   | Identified the +3 leather armour of a bazaar {Int+3}
 21201 | Lair:4   | Offered knowledge of Yara's Violent Unravelling by Vehumet.
 21202 | Lair:4   | Reached XP level 14. HP: 101/111 MP: 17/28
 21202 | Lair:4   | Acquired a NW-00 megasamoflange {rPois Regen+ RegenMP+
                  | rCorr Slay+3}
 21378 | Lair:4   | Reached skill level 10 in Ice Magic
 21576 | Lair:4   | Reached skill level 10 in Air Magic
 21614 | Lair:5   | Entered Level 5 of the Lair of Beasts
 21807 | Lair:5   | Reached ***** piety under Vehumet
 21808 | Lair:5   | Offered knowledge of Conjure Ball Lightning by Vehumet.
 21836 | Lair:5   | Found a frozen archway.
 21842 | IceCv    | Entered an ice cave
 21950 | IceCv    | Learned a level 4 spell: Airstrike
 21956 | IceCv    | Learned a level 5 spell: Fireball
 22625 | IceCv    | Slain by an ironbound frostheart

Illustrated notes

Levels and vault maps discovered:
D:1:      lightli_arrival_flooded_house, layout_loops_cross,
          chequers_ecumenical_altar_grove, minmay_pentomino_p4
D:2:      layout_loops_ring, basic_altar, serial_shops, shop,
          minmay_misc_feat_square, kennysheep_generic_room_16
D:3:      minmay_chambers_of_threes, layout_loops_ring,
          mainiacjoe_overflow_surrounded_room, mainiacjoe_overflow_24_doors,
          gammafunk_ghost_gnarly_gnolls, uniq_grinder
D:4:      layout_loops_corners, nicolae_ossuary_entry_false_entrances,
          uniq_pikel
D:5:      layout_loops_ring, pdpol_wu_jian_five_deadly_venoms,
          mainiacjoe_overflow_brackets, mainiacjoe_overflow_cross_hatched,
          uniq_ijyb
D:6:      layout_layer_cave, kennysheep_orc_sif_temple, serial_shops,
          nicolae_shop_tiny_waterfront
D:7:      layout_layer_cave, lemuel_mausoleum_altar_yredelemnul,
          minmay_temple_entry_gardened_gates, enter_bailey_2
D:8:      layout_basic, kennysheep_mini_moat, serial_shops,
          nicolae_diamond_shop, dreamdust_mushroom_princess,
          nicolae_benzene_ring
D:9:      layout_stronghold, mainiacjoe_overflow_catwalk,
          nicolae_ru_sacrificial_ziggurat, gammafunk_ghost_stat_death,
          minmay_misc_feat_five, st_stairs_1
D:10:     layout_small_grid, mainiacjoe_overflow_concentric_impassable,
          cheibrodos_ashenzari_chains, erik_lair_dragon
D:11:     layout_rooms, orc_david_3, nicolae_hepliaklqana_hippocampus,
          uniq_nergalle
D:12:     layout_gridville, corner_web_ring
Temple:   nicolae_temple_bog_church
Lair:1:   layout_gridlike, gammafunk_ghost_berserking_beasts, st_stairs_11,
          uniq_sonja
Lair:2:   layout_cave_pods, nicolae_snake_entry_warm_welcome,
          nicolae_lair_run_with_the_wolves, grunt_megastairs_2
Lair:3:   layout_cave_pods, alex1729_swamp_entry_worm_eleionoma,
          serial_bayou_shore_b, lemuel_fruit_fields, lemuel_fruit_tree
Lair:4:   layout_long_grid, dpeg_slime_entry_corner, infiniplex_staircase_pool
Lair:5:   evilmike_catoblepas_cave, layout_cave_shapes, portal_ice_cave_rime
IceCv:    ice_cave_caverns_01

Skill      XL: |  1  2  3  4  5  6  7  8  9 10 11 12 13 14 |
---------------+-------------------------------------------+-----
Conjurations   | 1 2 3 4 5 |  5.0
Spellcasting   | 2 3 4 5 6 7 8 9 10 11 | 11.2
Alchemy        | 4 5 6 |  6.9
Fire Magic     | 1 2 3 4 |  4.3
Fighting       | 3 6 7 9 10 11 | 11.8
Ice Magic      | 3 5 7 8 9 10 | 10.9
Air Magic      | 3 5 7 8 9 10 | 10.9
Dodging        | |  1.7
Stealth        | |  1.5

Action                     |  1- 3 |  4- 6 |  7- 9 | 10-12 | 13-15 || total
---------------------------+-------+-------+-------+-------+-------++-------
  Melee: Unarmed           |     9 |       |       |       |       ||     9
         Short sword       |    81 |   222 |   438 |   548 |   163 ||  1452
         Quick blade       |       |       |       |    86 |   316 ||   402
   Cast: Sting             |    23 |     2 |    42 |    14 |    21 ||   102
         Mephitic Cloud    |       |     2 |    28 |    63 |    39 ||   132
         Sticky Flame      |       |       |     6 |    60 |    36 ||   102
         Freezing Cloud    |       |       |       |    21 |    56 ||    77
Ability: Invent Gizmo      |       |       |       |       |     1 ||     1
  Evoke: Wand              |       |       |    12 |     7 |       ||    19
    Use: Scroll            |     7 |     3 |     5 |    12 |     4 ||    31
         Potion            |       |     1 |     2 |     2 |     5 ||    10
   Stab: Sleeping          |     3 |       |     2 |     1 |       ||     6
         Distracted        |     1 |       |     1 |       |       ||     2
         Confused          |       |     2 |    16 |    52 |    30 ||   100
 Armour: Robe              |    34 |    70 |   141 |   261 |    63 ||   569
         Leather armour    |       |       |       |       |    85 ||    85
  Dodge: Dodged            |    32 |    63 |   114 |   201 |    79 ||   489

Table legend: (Time is in decaauts)
 A = Elapsed time spent in this place.
 B = Non-inter-level travel time spent in this place.
 C = Inter-level travel time spent in this place.
 D = Time resting spent in this place.
 E = Time spent auto-exploring this place.
 F = Levels seen in this place.
 G = Mean time per level.
                   A        B        C        D        E       F      G
               +--------+--------+--------+--------+--------+-----+--------+
         Total |  22694 |  21661 |   1033 |   6139 |  10974 |  21 | 1080.7 |
       Dungeon |  15559 |  14669 |    890 |   3626 |   8275 |  12 | 1296.6 |
        Temple |      1 |      0 |      1 |      0 |      0 |   1 |    1.0 |
          Lair |   5418 |   5277 |    141 |   1892 |   2490 |   5 | 1083.6 |
       Ossuary |    233 |    233 |      0 |     19 |      3 |   1 |  233.0 |
        Bailey |    693 |    693 |      0 |    316 |     81 |   1 |  693.0 |
      Ice Cave |    788 |    788 |      0 |    286 |    124 |   1 |  788.0 |
               +--------+--------+--------+--------+--------+-----+--------+

Top non-repeatable levels by time:
    D:10: 2143 daAuts
     D:7: 1940 daAuts
     D:8: 1657 daAuts
     D:6: 1531 daAuts
  Lair:2: 1447 daAuts
     D:9: 1411 daAuts
  Lair:1: 1344 daAuts
  Lair:3: 1287 daAuts
    D:12: 1191 daAuts
     D:4: 1161 daAuts
  Lair:4: 1113 daAuts
     D:1: 1035 daAuts
     D:5: 981 daAuts
     D:3: 852 daAuts
    D:11: 842 daAuts
